 Dungeon Crawl Stone Soup version 0.27.1 (webtiles) character file.

Game seed: 18106770066862117467

4 andronian the Sneak (level 1, -4/15 HPs)
             Began as a Naga Enchanter on Sept 5, 2021.
             Killed from afar by a dart slug (6 damage)
             ... with a slug dart
             ... on level 1 of the Dungeon.
             The game lasted 00:01:00 (437 turns).

andronian the Sneak (Naga Enchanter)                 Turns: 437, Time: 00:01:01

Health: -4/15      AC:  1    Str: 10    XL:     1   Next: 60%
Magic:  3/3        EV: 10    Int: 15    God:
Gold:   3          SH:  0    Dex: 11    Spells: 3/4 levels left

rFire    . . .     SeeInvis +   a - +1 dagger
rCold    . . .     Faith    .   (no shield)
rNeg     . . .     Spirit   .   b - +0 robe
rPois    +         Reflect  .   (no helmet)
rElec    .         Harm     .   (no cloak)
rCorr    .         Rampage  .   (no gloves)
Will     .....                  (no barding)
Stlth    ++........             (no amulet)
HPRegen  0.05/turn              (no ring)
MPRegen  0.08/turn              (no ring)

@: very slow
A: AC +0, large, see invisible, deformed body, poison resistance, slowness 2,
spit poison 1, naga tail 1
a: Spit Poison


You were on level 1 of the Dungeon.
You visited 1 branch of the dungeon, and saw 1 of its levels.

You collected 3 gold pieces.

Inventory:

Hand Weapons
 a - a +1 dagger (weapon)
Armour
 b - a +0 robe (worn)
Scrolls
 d - a scroll of identify {unknown}


   Skills:
 + Level 1.2 Short Blades
 * Level 1.8 Dodging
 - Level 4.4 Stealth
 - Level 2.0 Spellcasting
 - Level 3.0 Hexes


You had 3 spell levels left.
You knew the following spells:

 Your Spells              Type           Power      Damage    Failure   Level
a - Corona                Hex            11%        N/A       6%          1

Your spell library contained the following spells:

 Spells                   Type           Power      Damage    Failure   Level
 Ensorcelled Hibernation  Hex/Ice        12%        N/A       19%         2
 Confusing Touch          Hex            10%        N/A       19%         3
 Tukima's Dance           Hex            10%        N/A       19%         3
 Dazzling Flash           Conj/Hex       12%        N/A       34%         3


Dungeon Overview and Level Annotations

Branches:
Dungeon (1/15)

Altars:


Innate Abilities, Weirdness & Mutations

Your serpentine skin is tough. (AC +0)
You have supernaturally acute eyesight. (SInv)
Armour fits poorly on your strangely shaped body.
Your system is resistant to poisons. (rPois)
You cover ground very slowly.
You can spit poison.
You have a snake-like lower body.


Message History

The bat barely misses you.
You hit the bat.
You kill the bat!
Found 3 gold pieces.
Found a scroll labelled CAL ITOMUOMOCS.
Found a pair of boots.
A giant cockroach comes into view.
You see here 3 gold pieces.
You now have 3 gold pieces.
A giant cockroach is nearby!
You see here a +0 pair of boots.
c - a +0 pair of boots You see here a scroll labelled CAL ITOMUOMOCS.
d - a scroll labelled CAL ITOMUOMOCS Drop what? 4/52 slots (_ for help) (? for menu, Esc to quit)
You drop a +0 pair of boots.
A giant cockroach is nearby!
Found a ring mail.
The helpless giant cockroach fails to defend itself.
You puncture the giant cockroach!
You kill the giant cockroach!
No target in view!
A kobold comes into view. It is wielding a +0 club.
Found 17 stones.
A dart slug comes into view.
The kobold shouts!
There are monsters nearby!
A kobold comes into view. It is wielding a +0 club.
The kobold hits you with a +0 club.
You closely miss the kobold. The kobold hits you with a +0 club.
The kobold shouts!
The kobold barely misses you. The kobold barely misses you.
The kobold hits you with a +0 club. The kobold barely misses you.
The kobold hits you with a +0 club.
* * * LOW HITPOINT WARNING * * *
The dart slug launches a dart at you. The slug dart hits you.
You die...

#..... ...# ..... #..... ....#
..... ...>.. #....
.....#..........
.##....###................ ...
.........##......... ... ....
....[.............## ###
....######.....................##
...............K@..............+.
..............K.†........#.....##
........##....w..........#.....##
........##......##.......#.......
........##......##...............
...............###..[............
...........###................###
##.........# #................#
...........# #.....#..........###


You could see a dart slug and 2 kobolds.

Vanquished Creatures
  A giant cockroach (D:1)
  2 bats (D:1)
  A goblin (D:1)
  A rat (D:1)
5 creatures vanquished.

Notes
Turn   | Place    | Note
-------+----------+-------------------------------------------
     0 | D:1      | andronian the Naga Enchanter began the quest for the Orb.
     0 | D:1      | Reached XP level 1. HP: 15/15 MP: 3/3
     6 | D:1      | Noticed a polar bear
     6 | D:1      | Noticed a swamp drake
     6 | D:1      | Noticed a salamander
     7 | D:1      | Noticed a komodo dragon
   437 | D:1      | Killed from afar by a dart slug

Illustrated notes

Levels and vault maps discovered:
D:1:      onia_arrival_zoo_common, layout_basic, minmay_tree_intersection,
          st_stairs_11

Action                   || total
-------------------------++-------
Melee: Dagger            ||    14
 Cast: Corona            ||     4
 Stab: Sleeping          ||     1
Armor: Robe              ||     3
Dodge: Dodged            ||    11
